AoeStats
← Lord RDB

Arabian Desert

509848133Analyzed
1v1 RM · 3d ago on Sep 28, 2026· 39m 10s· 2 players
Game mode
Random Map
Map size
Tiny (2 player)
Population
200
Speed
Normal
Resources
Standard
Victory
Conquest
Starting age
Dark Age
Ending age
Imperial Age
RankedLock teamsTeams togetherTeam positionsShared explorationLock speedFull tech treeHidden civsTurbo modeCheats
Victory
Defeat
🇦🇷 Persians · Argentina
1317
+19
🇦🇪 Franks · United Arab Emirates
1385
-19
Lord RDB
6:42 Loom
9:05 Feudal Age
9:48 Double-Bit Axe
23:26 Castle Age
21:19 Fletching
24:06 Bodkin Arrow
24:29 Scale Barding Armor
24:58 Bow Saw
35:04 Town Watch
37:57 Wheelbarrow
37:36 Padded Archer Armor
37:41 Husbandry
XEVER | K1nGod
5:56 Loom
8:41 Feudal Age
9:26 Double-Bit Axe
9:39 Horse Collar
16:49 Scale Barding Armor
17:23 Town Watch
18:49 Forging
21:18 Bloodlines
24:05 Castle Age
23:44 Gold Mining
24:52 Chain Barding Armor
26:23 Husbandry
29:35 Iron Casting
30:50 Wheelbarrow
30:56 Fletching
37:05 Imperial Age
38:05 Plate Barding Armor
37:26 Cavalier
Connection lost

Rejoining the realm…

Still unreachable

The connection could not be restored.

Session expired

The server has moved on; the page needs a fresh start.